 Dungeon Crawl Stone Soup version 0.22.0-2-ge58baed (webtiles) character file.

102 sighowe the Grasshopper (level 4, 0/38 HPs)
             Began as a Gnoll Warper on Aug 12, 2018.
             Killed from afar by a white imp (5 damage)
             ... with a puff of frost
             ... summoned by Natasha
             ... on level 2 of the Dungeon.
             The game lasted 00:05:32 (1316 turns).

sighowe the Grasshopper (Gnoll Warper)              Turns: 1316, Time: 00:05:32

Health: 0/38       AC:  4    Str: 14    XL:     4   Next: 78%
Magic:  8/11       EV: 14    Int: 15    God:
Gold:   50         SH:  0    Dex: 15    Spells: 9/13 levels left

rFire    . . .     SeeInvis .   a - +0 falchion
rCold    . . .     Gourm    .   (no shield)
rNeg     . . .     Faith    .   b - +0 leather armour
rPois    .         Spirit   .   (no helmet)
rElec    .         Reflect  .   (no cloak)
rCorr    .         Harm     .   (no gloves)
MR       .....                  j - +0 pair of boots
Stlth    ++........             (no amulet)
HPRegen  0.12/turn              (no ring)
MPRegen  0.12/turn              (no ring)

@: slowed, very slow
A: distributed training, fangs 1, strong nose
a: no special abilities


You were on level 2 of the Dungeon.
You were hungry.

You visited 1 branch of the dungeon, and saw 2 of its levels.

You collected 50 gold pieces.

Inventory:

Hand Weapons
 a - a +0 falchion (weapon)
Missiles
 e - 4 tomahawks of dispersal (quivered)
Armour
 b - a +0 leather armour (worn)
 h - a +0 robe
 j - a +0 pair of boots (worn)
Scrolls
 c - 2 scrolls of remove curse {unknown}
 d - a scroll of blinking
 g - 4 scrolls of identify
Potions
 i - a potion of invisibility {unknown}
 l - a potion of heal wounds {unknown}
Comestibles
 f - 4 rations


   Skills:
 + Level 4.7 Fighting
 + Level 1.2 Short Blades
 + Level 4.7 Long Blades
 + Level 1.2 Axes
 + Level 1.2 Maces & Flails
 + Level 1.2 Polearms
 + Level 1.2 Staves
 + Level 1.2 Slings
 + Level 1.2 Bows
 + Level 1.2 Crossbows
 + Level 2.8 Throwing
 + Level 2.8 Armour
 + Level 4.7 Dodging
 + Level 1.2 Stealth
 + Level 1.2 Shields
 + Level 1.2 Unarmed Combat
 + Level 5.1 Spellcasting
 + Level 1.0 Conjurations
 + Level 1.0 Hexes
 + Level 1.0 Charms
 + Level 1.0 Summonings
 + Level 1.0 Necromancy
 + Level 5.5 Translocations
 + Level 1.0 Transmutations
 + Level 1.0 Fire Magic
 + Level 1.0 Ice Magic
 + Level 1.0 Air Magic
 + Level 1.0 Earth Magic
 + Level 1.0 Poison Magic
 + Level 1.3 Invocations
 + Level 1.2 Evocations


You had 9 spell levels left.
You knew the following spells:

 Your Spells              Type           Power        Failure   Level  Hunger
a - Blink                 Tloc           N/A          3%          2    ##.....
b - Shroud of Golubria    Chrm/Tloc      ##........   8%          2    ##.....

Your spell library contained the following spells:

 Spells                   Type           Power        Failure   Level  Hunger
 Teleport Other           Tloc           ###.....     6%          3    ###....
 Passage of Golubria      Tloc           N/A          21%         4    ####...
 Gell's Gravitas          Tloc           ###.......   6%          3    ###....
 Lesser Beckoning         Tloc           ###.......   6%          3    ###....


Dungeon Overview and Level Annotations

Branches:
Dungeon (2/15)

Altars:

Annotations:
D:2 Natasha


Innate Abilities, Weirdness & Mutations

Your experience applies equally to all skills.
You have very sharp teeth.
Your uncanny sense of smell can sniff out nearby items.


Message History

You closely miss Natasha.
Natasha is moderately wounded.
Natasha claws you!
Your shroud falls apart!
The white imp barely misses you. Natasha barely misses you.
You riposte.
You hit Natasha.
Natasha is moderately wounded.
The white imp gestures at you. The puff of frost hits you!
Okay, then.
Casting: Shroud of Golubria (safe; 8% risk of failure)
Confirm with . or Enter, or press ? or * to list all spells.
You blink.
The white imp gestures at you. The puff of frost hits you!
* * * LOW HITPOINT WARNING * * *
The white imp lashes its tail.
The white imp gestures at you. The puff of frost hits you!
You die...

#### #... #...
######################...
#.h5....@................
#w####################...
#.# #### #w# # #5# # #h#
# #.. ∆ # ∆ ..? . ... ..


You could see a worm, Natasha and a white imp.

Vanquished Creatures
  Natasha (D:2)
  Terence (D:2)
  2 adders (D:2)
  A dart slug (D:1)
  2 leopard geckos (D:1)
  3 giant cockroaches (D:1)
  4 goblins
  5 hobgoblins
  2 jackals (D:1)
  4 kobolds
  A ball python (D:2)
  5 bats
  2 frilled lizards (D:1)
  2 rats (D:1)
35 creatures vanquished.

Notes
Turn   | Place    | Note
-------+----------+-------------------------------------------
     0 | D:1      | sighowe the Gnoll Warper began the quest for the Orb.
     0 | D:1      | Reached XP level 1. HP: 20/20 MP: 6/6
   169 | D:1      | Reached XP level 2. HP: 25/26 MP: 7/7
   181 | D:1      | Learned a level 2 spell: Blink
   184 | D:1      | Learned a level 2 spell: Shroud of Golubria
   509 | D:1      | Reached XP level 3. HP: 24/31 MP: 9/9
   618 | D:1      | Reached skill level 5 in Spellcasting
   862 | D:2      | Noticed Terence
   873 | D:2      | Killed Terence
   873 | D:2      | Reached skill level 1 in Short Blades
   873 | D:2      | Reached skill level 1 in Axes
   873 | D:2      | Reached skill level 1 in Maces & Flails
   873 | D:2      | Reached skill level 1 in Polearms
   873 | D:2      | Reached skill level 1 in Staves
   873 | D:2      | Reached skill level 1 in Slings
   873 | D:2      | Reached skill level 1 in Bows
   873 | D:2      | Reached skill level 1 in Crossbows
   873 | D:2      | Reached skill level 1 in Stealth
   873 | D:2      | Reached skill level 1 in Shields
   873 | D:2      | Reached skill level 1 in Unarmed Combat
   873 | D:2      | Reached skill level 1 in Invocations
   873 | D:2      | Reached skill level 1 in Evocations
   915 | D:2      | Reached XP level 4. HP: 30/38 MP: 11/11
  1032 | D:2      | Noticed Natasha
  1054 | D:2      | Killed Natasha
  1054 | D:2      | Reached skill level 1 in Conjurations
  1054 | D:2      | Reached skill level 1 in Hexes
  1054 | D:2      | Reached skill level 1 in Charms
  1054 | D:2      | Reached skill level 1 in Summonings
  1054 | D:2      | Reached skill level 1 in Necromancy
  1054 | D:2      | Reached skill level 1 in Transmutations
  1054 | D:2      | Reached skill level 1 in Fire Magic
  1054 | D:2      | Reached skill level 1 in Ice Magic
  1054 | D:2      | Reached skill level 1 in Air Magic
  1054 | D:2      | Reached skill level 1 in Earth Magic
  1054 | D:2      | Reached skill level 1 in Poison Magic
  1307 | D:2      | Noticed Natasha
  1316 | D:2      | Killed from afar by a white imp

Skill      XL: |  1  2  3  4 |
---------------+-------------+-----
Spellcasting   | 5 |  5.1
Short Blades   | 1 |  1.2
Axes           | 1 |  1.2
Maces & Flails | 1 |  1.2
Polearms       | 1 |  1.2
Staves         | 1 |  1.2
Slings         | 1 |  1.2
Bows           | 1 |  1.2
Crossbows      | 1 |  1.2
Stealth        | 1 |  1.2
Shields        | 1 |  1.2
Unarmed Combat | 1 |  1.2
Invocations    | 1 |  1.3
Evocations     | 1 |  1.2
Conjurations   | 1 |  1.0
Hexes          | 1 |  1.0
Charms         | 1 |  1.0
Summonings     | 1 |  1.0
Necromancy     | 1 |  1.0
Transmutations | 1 |  1.0
Fire Magic     | 1 |  1.0
Ice Magic      | 1 |  1.0
Air Magic      | 1 |  1.0
Earth Magic    | 1 |  1.0
Poison Magic   | 1 |  1.0
Fighting       | |  4.7
Long Blades    | |  4.7
Throwing       | |  2.8
Armour         | |  2.8
Dodging        | |  4.7
Translocations | |  5.5

Action                   |  1- 3 |  4- 6 || total
-------------------------+-------+-------++-------
Melee: Falchion          |    87 |    40 ||   127
       Bite              |     7 |     9 ||    16
Throw: Tomahawk          |     1 |       ||     1
 Cast: Blink             |     2 |     1 ||     3
       Shroud of Golubri |       |     4 ||     4
  Use: Scroll            |     2 |       ||     2
 Stab: Sleeping          |     2 |     1 ||     3
  Eat: Chunk             |       |     1 ||     1
Armor: Leather armour    |    25 |    18 ||    43
Dodge: Dodged            |    94 |    43 ||   137
       Rpst.: Falchion   |    31 |    15 ||    46
